Map: 占星师

Players

iGXY (XY)

  • Race: Terran Terran

Cyan - Winner!

  • Race: Protoss Protoss

Event: DreamHack SC2 Masters 2022 Atlanta (Online)

VOD

Have the link to the VOD?

Description

Time

  • Played on: Oct. 6, 2022, 7:57 a.m.
  • Length: 17:10

All games in this series

Show
View Real Time Build Order
Export as new Build Order

iGXY Terran 

Build Orders: 1/1/1 

Get SALT Encoding   

  12  0:00  SCV  
  13  0:12  SCV  
  14  0:17  Supply Depot  
  14  0:24  SCV  
  15  0:38  SCV  
  15  0:39  Barracks  
  16  0:42  Refinery  
  16  0:50  SCV  
  16  0:53  Refinery  
  17  1:05  SCV  
  18  1:17  SCV  
  19  1:27  Reaper  
  19  1:29  Orbital Command  
  19  1:30  Supply Depot  
  20  1:45  Factory  
  20  1:56  SCV  
  20  1:59  Barracks Reactor  
  21  2:08  SCV  
  22  2:20  SCV  
  23  2:28  Starport  
  23  2:33  SCV  
  24  2:41  Hellion x2  
  28  2:45  SCV  
  28  2:48  Supply Depot  
  29  2:57  SCV  
  30  3:09  Medivac  
  30  3:10  Supply Depot, Widow Mine x2  
  36  3:20  Command Center  
  36  3:23  Armory  
  36  3:31  Widow Mine  
  36  3:32  Widow Mine  
  40  3:35  SCV  
  41  3:47  SCV  
  42  3:52  Widow Mine  
  42  3:53  Medivac  
  46  4:06  Supply Depot, SCV  
  46  4:09  Widow Mine  
  47  4:15  Supply Depot  
  47  4:26  Widow Mine  
  47  4:28  SCV  
  47  4:31  Widow Mine  
  50  4:32  Barracks Tech Lab  
  50  4:40  SCV, Medivac, Orbital Command  
  53  4:48  Widow Mine  
  53  4:52  SCV  
  56  4:54  Widow Mine  
  51  5:07  SCV  
  51  5:09  Widow Mine  
  50  5:14  SCV  
  50  5:16  Widow Mine  
  50  5:19  SCV  
  50  5:20  Medivac  
  55  5:23  Stimpack, Marine  
  55  5:26  SCV, Barracks  
  55  5:28  Barracks  
  57  5:30  Widow Mine  
  57  5:31  SCV  
  60  5:37  Widow Mine  
  60  5:38  SCV  
  60  5:41  Marine  
  64  5:43  SCV  
  65  5:50  SCV  
  65  5:52  Widow Mine  
  65  5:55  Engineering Bay, SCV  
  67  5:58  Marine  
  67  6:02  SCV  
  67  6:03  Supply Depot  
  69  6:07  SCV  
  69  6:10  Widow Mine  
  66  6:13  Widow Mine  
  66  6:14  SCV  
  66  6:16  Medivac, Marine  
  70  6:19  SCV  
  70  6:22  Barracks Tech Lab  
  70  6:23  Barracks Reactor  
  67  6:26  SCV  
  67  6:31  Refinery x2, Widow Mine, SCV  
  67  6:32  Missile Turret  
  69  6:33  Missile Turret  
  69  6:35  Barracks  
  69  6:39  SCV, Barracks  
  68  6:41  Terran Infantry Weapons Level 1  
  68  6:44  SCV  
  69  6:52  Marine x2  
  71  6:55  SCV  
  71  6:56  Combat Shield  
  71  7:04  Marine x2  
  71  7:06  Widow Mine x2  
  71  7:07  Starport Reactor  
  77  7:09  Marine  
  77  7:10  SCV  
  77  7:14  Marine  
  80  7:22  Marine  
  81  7:23  Barracks Tech Lab  
  81  7:25  Supply Depot  
  81  7:36  Supply Depot, Factory Tech Lab  
  81  7:40  Marauder x2  
  81  7:44  Supply Depot x2  
  85  7:47  Marauder  
  85  7:49  Medivac x2  
  91  7:51  Marine x3  
  91  7:52  Marine  
  95  7:59  Supply Depot  
  95  8:00  Supply Depot  
  95  8:01  Marauder  
  97  8:06  Concussive Shells  
  97  8:09  Siege Tank  
  100  8:15  Command Center  
  100  8:26  Marauder x2, Marine x3  
  103  8:30  Medivac  
  103  8:36  Medivac  
  103  8:38  SCV x2  
  102  8:50  SCV x2  
  102  8:54  Marauder x2, Marine x2  
  110  8:59  Supply Depot  
  110  9:01  Siege Tank  
  108  9:02  SCV  
  108  9:03  SCV, Marauder, Marine  
  108  9:04  Marine  
  109  9:11  Medivac  
  109  9:15  SCV x2  
  109  9:16  Medivac  
  115  9:20  Supply Depot  
  113  9:24  Marauder x2  
  113  9:25  Marine x2  
  113  9:27  SCV  
  120  9:31  Orbital Command  
  120  9:37  Siege Tank  
  123  9:43  Marauder, Marine x2  
  127  9:49  Marauder x2, Marine x2  
  133  9:53  Viking  
  135  10:01  Viking, Marine  
  136  10:12  Marauder x2  
  136  10:16  Ghost Academy  
  134  10:21  Marauder, Marine  
  134  10:22  Marine x3  
  139  10:33  Marauder x2  
  133  10:39  SCV x2, Siege Tank, Marine x2  
  133  10:41  Refinery  
  133  10:42  Refinery, Marine  
  129  10:43  Marauder, Marine  
  129  10:47  SCV  
  134  10:52  Medivac  
  134  10:54  Marauder  
  134  10:55  Marauder  
  140  10:57  Marine x2  
  140  11:01  Marine  
  140  11:02  SCV x2, Marine  
  140  11:04  Marine  
  142  11:05  SCV  
  139  11:14  SCV, Siege Tank  
  139  11:15  SCV, Marine x4  
  139  11:17  SCV  
  149  11:24  Supply Depot  
  149  11:26  SCV  
  149  11:27  SCV  
  149  11:29  SCV  
  152  11:36  Viking x2  
  152  11:39  SCV  
  157  11:42  Supply Depot  
  157  11:45  Supply Depot  
  157  11:46  SCV x2  
  155  11:50  Marauder  
  155  11:51  Marauder x2, Marine x2  
  159  11:54  Terran Infantry Weapons Level 2  
  159  11:56  Terran Vehicle Weapons Level 1  
  159  12:09  Viking x2  
  159  12:10  Marine x2  
  159  12:14  Command Center  
  165  12:21  Marauder x2  
  165  12:22  Marauder, Marine x2  
  164  12:35  SCV x3  
  161  12:40  Marine x2  
  161  12:42  Marauder  
  161  12:43  Marauder  
  161  12:44  Supply Depot  
  169  12:49  SCV  
  169  12:51  Viking x2  
  174  12:53  Enhanced Shockwaves  
  174  12:54  Marine x2  
  174  12:56  Supply Depot  
  174  13:04  Marine x2  
  176  13:07  SCV x2  
  176  13:17  Missile Turret, Marine  
  176  13:18  Missile Turret  
  176  13:26  Viking x2, Siege Tank  
  160  13:29  Marauder, Marine  
  146  13:34  Missile Turret  
  146  13:38  Marine  
  146  13:39  Marine  
  148  13:46  Marauder  
  152  13:53  SCV x3  
  152  13:55  Missile Turret  
  155  13:57  Missile Turret  
  155  14:00  Medivac  
  155  14:03  Factory  
  151  14:11  Planetary Fortress  
  127  14:21  Medivac  
  127  14:24  Marauder x2, Marine x2  
  124  14:29  Medivac  
  124  14:31  SCV x2  
  125  14:32  Marauder, Marine x2  
  125  14:33  SCV  
  125  14:38  Siege Tank  
  133  14:42  Marine  
  133  14:43  SCV  
  133  14:45  Marauder  
  137  14:49  Factory Tech Lab  
  137  14:50  Terran Vehicle Weapons Level 2  
  137  14:53  SCV x2  
  139  15:02  SCV  
  139  15:05  SCV x2  
  140  15:10  Siege Tank  
  140  15:12  Marauder, Marine  
  140  15:14  SCV  
  136  15:16  Siege Tank  
  136  15:17  SCV x2, Missile Turret  
  138  15:27  SCV  
  136  15:29  SCV x2  
  138  15:40  SCV  
  138  15:41  SCV  
  138  15:42  Siege Tank  
  131  15:48  Siege Tank  
  137  15:50  Marauder x3  
  137  15:52  Marine  
  137  15:53  Marine  
  139  15:58  Marine  
  131  16:08  SCV  
  131  16:10  Marine x2  
  134  16:11  Marauder x3  
  134  16:14  Liberator, Siege Tank  
  140  16:19  Refinery  
  140  16:20  Refinery, Siege Tank  
  125  16:31  Marine x3  
  125  16:32  Marauder x2  
  118  16:33  Marauder  
  118  16:35  Marine  
  118  16:37  SCV  
  99  16:49  Marine x3  
  99  16:50  SCV  
Show
View Real Time Build Order
Export as new Build Order

Cyan Protoss - Winner!

Build Orders: 1 Gate Expand, Phoenix Opening 

Get SALT Encoding   

  12  0:00  Probe  
  13  0:12  Probe  
  14  0:18  Pylon  
  14  0:24  Probe (Chrono Boost)  
  15  0:36  Probe (Chrono Boost)  
  15  0:40  Gateway  
  16  0:45  Probe (Chrono Boost)  
  16  0:47  Assimilator  
  17  0:51  Probe  
  18  1:03  Probe  
  19  1:15  Probe  
  20  1:24  Nexus  
  20  1:35  Cybernetics Core  
  20  1:37  Probe  
  21  1:43  Assimilator  
  21  1:49  Probe  
  21  1:53  Pylon  
  22  2:01  Probe  
  22  2:09  Adept (Chrono Boost)  
  22  2:13  Probe  
  25  2:18  Stargate  
  25  2:25  Warp Gate, Probe  
  25  2:29  Adept (Chrono Boost)  
  26  2:36  Probe  
  29  2:39  Probe  
  30  2:48  Probe  
  31  2:51  Probe  
  31  2:52  Shield Battery  
  31  2:54  Adept  
  34  3:00  Probe  
  34  3:02  Phoenix (Chrono Boost)  
  37  3:06  Probe  
  38  3:13  Probe  
  39  3:21  Phoenix  
  39  3:22  Pylon  
  39  3:24  Probe  
  42  3:36  Probe  
  42  3:37  Probe  
  42  3:39  Robotics Facility  
  44  3:41  Assimilator  
  44  3:44  Assimilator  
  44  3:48  Probe  
  45  3:49  Phoenix (Chrono Boost)  
  45  3:52  Probe  
  48  4:00  Probe  
  49  4:03  Pylon  
  49  4:04  Probe  
  36  4:10  Phoenix (Chrono Boost)  
  49  4:12  Probe  
  49  4:15  Pylon  
  52  4:18  Adept  
  54  4:28  Phoenix (Chrono Boost), Observer (Chrono Boost), Probe  
  58  4:34  Probe  
  58  4:35  Pylon  
  59  4:39  Adept  
  59  4:41  Probe  
  59  4:44  Observer (Chrono Boost)  
  63  4:48  Probe  
  64  4:56  Probe  
  65  5:11  Nexus  
  65  5:13  Probe  
  65  5:14  Probe  
  67  5:17  Robotics Bay  
  67  5:22  Observer  
  67  5:23  Observer  
  67  5:25  Phoenix (Chrono Boost)  
  67  5:28  Probe  
  71  5:30  Gateway  
  71  5:33  Observer, Pylon  
  71  5:42  Probe  
  72  5:46  Phoenix  
  72  5:47  Pylon  
  72  5:48  Probe  
  75  5:52  Observer  
  75  5:54  Probe, Pylon  
  77  6:00  Probe  
  76  6:06  Probe  
  77  6:12  Probe  
  77  6:13  Colossus  
  77  6:15  Adept  
  86  6:20  Twilight Council, Probe (Chrono Boost)  
  86  6:24  Probe (Chrono Boost)  
  86  6:28  Probe (Chrono Boost)  
  86  6:32  Extended Thermal Lance  
  87  6:33  Observer, Probe (Chrono Boost)  
  87  6:35  Gateway  
  89  6:40  Phoenix, Probe (Chrono Boost)  
  89  6:41  Probe x2 (Chrono Boost)  
  89  6:45  Observer  
  92  6:47  Probe (Chrono Boost)  
  92  6:49  Forge  
  92  6:50  Probe (Chrono Boost)  
  92  6:53  Probe (Chrono Boost)  
  95  6:57  Probe (Chrono Boost)  
  96  7:03  Colossus (Chrono Boost)  
  96  7:05  Charge, Probe  
  95  7:09  Observer, Probe  
  95  7:10  Phoenix  
  98  7:15  Probe  
  98  7:20  Gateway  
  99  7:23  Gateway  
  99  7:26  Sentry x2, Gateway  
  99  7:28  Shield Battery  
  103  7:30  Gateway, Pylon  
  103  7:32  Protoss Ground Weapons Level 1 (Chrono Boost)  
  103  7:35  Observer, Probe  
  104  7:42  Robotics Facility, Gateway  
  104  7:43  Gateway  
  104  7:45  Pylon x2  
  104  7:49  Photon Cannon  
  104  7:53  Photon Cannon  
  104  8:00  Nexus  
  104  8:05  Colossus (Chrono Boost)  
  104  8:09  Probe  
  111  8:18  Zealot x3  
  111  8:19  Zealot  
  119  8:25  Probe  
  120  8:27  Probe  
  120  8:30  Assimilator  
  120  8:31  Pylon  
  120  8:33  Assimilator, Pylon  
  121  8:35  Probe  
  121  8:37  Probe, Pylon  
  121  8:38  Zealot x3  
  129  8:42  Blink  
  129  8:46  Pylon  
  129  8:47  Warp Prism  
  131  8:48  Zealot x2  
  127  9:00  Observer, Probe  
  130  9:02  Probe  
  130  9:04  Probe  
  130  9:09  Zealot x4  
  139  9:14  Photon Cannon  
  139  9:22  Protoss Ground Weapons Level 2 (Chrono Boost)  
  135  9:24  Forge  
  135  9:30  Zealot, Templar Archives  
  137  9:32  Observer x2  
  137  9:34  Probe  
  137  9:38  Probe  
  137  9:43  Probe x2  
  139  9:46  Zealot, Sentry x2, Probe  
  139  9:47  Zealot x3  
  139  9:49  Zealot  
  139  9:51  Zealot  
  156  9:58  Disruptor (Chrono Boost)  
  156  10:00  Probe  
  156  10:05  Disruptor (Chrono Boost)  
  163  10:07  Zealot x4, Protoss Ground Armor Level 1 (Chrono Boost)  
  163  10:09  Probe  
  172  10:18  Zealot  
  172  10:22  Zealot x3  
  172  10:26  Disruptor x2  
  181  10:30  Nexus  
  172  10:39  Pylon  
  172  10:40  Pylon  
  164  10:51  High Templar x4  
  164  10:52  Zealot x5  
  164  10:55  Archon  
  182  11:08  Archon  
  178  11:12  Disruptor x2  
  178  11:15  Probe x3  
  178  11:16  Gravitic Drive (Chrono Boost)  
  183  11:18  Photon Cannon  
  183  11:19  Shield Battery  
  183  11:22  Zealot x3  
  183  11:23  Zealot x2  
  193  11:30  Dark Shrine, Gateway  
  193  11:31  Gateway  
  193  11:32  Gateway, Pylon  
  193  11:54  Probe x4  
  188  11:59  Protoss Ground Weapons Level 3 (Chrono Boost)  
  190  12:06  Gravitic Boosters  
  189  12:10  Protoss Ground Armor Level 2 (Chrono Boost)  
  189  12:18  Assimilator x2  
  189  12:22  Zealot x5  
  189  12:40  Nexus  
  189  12:41  Robotics Facility  
  189  12:42  Pylon  
  189  12:44  Robotics Facility, Pylon  
  185  12:45  Fleet Beacon  
  185  12:46  Shadow Stride, Pylon  
  185  12:49  Stargate  
  185  12:51  Stargate  
  185  12:52  Protoss Air Weapons Level 1 (Chrono Boost)  
  185  12:58  Stalker  
  185  12:59  Stalker x3  
  185  13:00  Stalker x2  
  195  13:06  Pylon  
  195  13:11  Zealot x2  
  173  13:28  Disruptor x2  
  173  13:31  Warp Prism  
  173  13:32  Observer  
  159  13:47  Photon Cannon  
  159  13:48  Photon Cannon  
  159  13:50  Shield Battery, Zealot x8  
  159  13:51  Zealot x4  
  159  13:52  Shield Battery  
  159  13:54  Shield Battery  
  175  14:13  Disruptor x2  
  153  14:19  Carrier x2 (Chrono Boost)  
  153  14:20  Carrier (Chrono Boost)  
  164  14:29  Disruptor  
  161  14:31  Disruptor  
  161  14:32  Zealot x3  
  161  14:33  Zealot x2  
  161  14:35  Probe  
  161  14:37  Protoss Shields Level 1 (Chrono Boost)  
  173  14:39  Assimilator  
  173  14:40  Zealot x2  
  173  14:41  Zealot x5  
  173  14:43  Assimilator  
  187  14:56  Nexus  
  187  14:57  Pylon  
  187  14:58  Pylon  
  173  15:18  Zealot x4  
  173  15:19  Warp Prism  
  173  15:22  Zealot x12  
  175  15:45  Zealot x12  
  175  15:46  Warp Prism  
  175  15:48  Carrier (Chrono Boost)  
  189  15:55  Observer  
  182  16:08  Zealot x12  
  182  16:10  Probe  
  182  16:11  Probe  
  168  16:37  Zealot x6, Stalker  
  168  16:38  Zealot x5  
Tags
 
Add a new tag
Caveats
  • Supply blocks, unpowered buildings, or Contaminate may cause inaccurate times.
  • Supply counts are checked every 10 seconds.